 Dungeon Crawl Stone Soup version 0.29-a0-266-gf56f883ddd (webtiles) character file.

Game seed: 13048569339788924068

9877 spaghetti the Magus (level 11, 0/68 HPs)
             Began as a Demonspawn Summoner on Mar 6, 2022.
             Was an Elder of Nemelex Xobeh.
             Slain by a cane toad (15 damage)
             ... on level 1 of the Lair of Beasts.
             The game lasted 00:28:38 (17048 turns).

spaghetti the Magus (Demonspawn Summoner)          Turns: 17048, Time: 00:28:38

Health: 0/68       AC:  8    Str:  9    XL:     11   Next: 28%
Magic:  16/20      EV: 19    Int: 18    God:    Nemelex Xobeh [****..]
Gold:   54         SH:  0    Dex: 12    Spells: 6/14 levels left

rFire   . . .      SeeInvis .     - Blade Hands
rCold   . . .      Faith    +   (shield currently unavailable)
rNeg    . . .      Spirit   .   (no body armour)
rPois   .          Reflect  .   G - +0 helmet
rElec   .          Harm     .   T - +2 cloak {rCorr}
rCorr   +          Rampage  .   (gloves currently unavailable)
Will    .....                   (no boots)
Stlth   ++........              h - amulet of faith {!P}
HPRegen 0.21/turn               i - +4 ring of protection
MPRegen 0.17/turn               v - +4 ring of evasion

@: blade hands
A: claws 2, repulsion field 2, powered by pain 3, spiny 1, clumsy 1, low MP 1,
weak 1, wild magic 1
a: End Transformation, Renounce Religion, Draw Escape, Draw Destruction, Draw
Summoning, Triple Draw, Deal Four


You were on level 1 of the Lair of Beasts.
You worshipped Nemelex Xobeh.
Nemelex Xobeh was greatly pleased with you.
You had blades for hands.
You visited 2 branches of the dungeon, and saw 11 of its levels.

You collected 576 gold pieces.
You spent 522 gold pieces at shops.


Innate Abilities, Weirdness & Mutations

You have blades for hands.
Your spellcasting is less reliable in this form.
You are incapable of wielding weapons or throwing items.
You have very sharp fingernails.
You are surrounded by a moderate repulsion field. (EV +3)
You are powered by pain.
You are partially covered in sharp spines.
You are clumsy. (Dex -2)
Your magical capacity is low. (-10% MP)
You are weak. (Str -2)
Your spells are a little harder to cast, but a little more powerful.


   Skills:
 - Level 1.7 Dodging
 - Level 1.7 Stealth
 + Level 0.2 Unarmed Combat
 - Level 2.0 Spellcasting
 - Level 8.0 Summonings
 + Level 10.0 Transmutations
 + Level 15.6 Invocations


You had 6 spell levels left.
You knew the following spells:

 Your Spells              Type           Power      Damage    Failure   Level
a - Call Canine Familiar  Summ           39%        N/A       28%         3
b - Blade Hands           Tmut           24%        N/A       52%         5

Your spell library contained the following spells:

 Spells                   Type           Power      Damage    Failure   Level
 Summon Small Mammal      Summ           100%       N/A       19%         1
 Call Imp                 Summ           39%        N/A       22%         2
 Summon Guardian Golem    Hex/Summ       21%        N/A       56%         3
 Slow                     Hex            8%         N/A       69%         1
 Summon Lightning Spire   Summ/Air       21%        N/A       83%         4
 Confusing Touch          Hex            2%         N/A       90%         3
 Gell's Gravitas          Tloc           2%         N/A       90%         3
 Lesser Beckoning         Tloc           2%         N/A       90%         3
 Portal Projectile        Hex/Tloc       4%         N/A       90%         3
 Teleport Other           Tloc           2%         N/A       90%         3
 Vampiric Draining        Necr           2%         2d6       90%         3
 Excruciating Wounds      Necr           1%         N/A       100%        5

Inventory:

Hand Weapons
 a - a +0 hand crossbow of freezing {crossbow}
   (You took it off a kobold on level 10 of the Dungeon)
 b - a +0 club {mace}
   (You took it off a kobold on level 10 of the Dungeon)
 k - a +0 shortbow {bow}
   (You took it off a centaur on level 10 of the Dungeon)
 z - the +3 Elemental Staff {rElec rF++ rC++ AC+5}
   (You took it off a deep elf pyromancer on level 10 of the Dungeon)

   If the wielder is skilled in Evocations, they can discharge powerful blasts
   of elemental energy when striking with it.
   It enhances your fire, ice, earth and air magic.
   AC:        It affects your AC (+5).
   rF:        It greatly protects you from fire.
   rC:        It greatly protects you from cold.
   rElec:     It insulates you from electricity.
Missiles
 e - 54 poisoned darts {throwing}
 g - 3 atropa-tipped darts {throwing}
 j - 7 curare-tipped darts {=fthrowing}
 p - 247 stones {throwing}
 S - 3 boomerangs {throwing}
Armour
 E - a +2 plate armour of cold resistance
   (You found it on level 3 of the Dungeon)
 G - a +0 helmet (worn)
   (You found it on level 3 of the Dungeon)
 T - a +2 cloak of preservation (worn)
   (You found it on level 10 of the Dungeon)
Magical Staves
 f - a staff of fire {!astaff}
   (You found it on level 1 of the Dungeon)
 m - a staff of fire {!astaff}
   (You found it on level 6 of the Dungeon)
Jewellery
 h - an amulet of faith (around neck) {!P}
   (You bought it in a shop on level 2 of the Dungeon)
 i - a +4 ring of protection (left blade hand)
   (You found it on level 6 of the Dungeon)
 u - an amulet of the acrobat
   (You found it on level 1 of the Dungeon)
 v - a +4 ring of evasion (right blade hand)
   (You found it on level 8 of the Dungeon)
 A - a ring of ice
   (You found it on level 2 of the Dungeon)
 B - a ring of willpower
   (You found it on level 8 of the Dungeon)
 C - a ring of ice
   (You found it on level 10 of the Dungeon)
Wands
 n - a wand of iceblast (5)
   (You took it off a wight on level 5 of the Dungeon)
 o - a wand of flame (12)
   (You found it on level 6 of the Dungeon)
 F - a wand of polymorph (9)
   (You found it on level 3 of the Dungeon)
 Q - a wand of paralysis (7)
   (You took it off an orc on level 5 of the Dungeon)
Scrolls
 l - a scroll of fog
 q - 2 scrolls of blinking {!r}
 r - 5 scrolls of immolation {!r!r}
 t - 2 scrolls of fear
 w - a scroll of silence {!r}
 y - 3 scrolls of enchant armour
 K - a scroll of teleportation {@r4}
 L - 6 scrolls of identify {@r1}
 O - a scroll of enchant weapon
 Y - 2 scrolls of magic mapping {!r}
Potions
 c - a potion of ambrosia {unknown}
 d - 2 potions of lignification {!q}
 s - a potion of mutation {!q}
 x - a potion of brilliance
 D - a potion of might
 I - a potion of degeneration {!q@e2}
 R - a potion of magic

Dungeon Overview and Level Annotations

Branches:
Dungeon (10/15)            Temple (0/1) D:4            Lair (1/6) D:10
    Orc: D:9-12

Altars:
Ashenzari
Elyvilon
Gozag
Makhleb
Nemelex Xobeh
Qazlal
Sif Muna
Uskayaw
Vehumet
Zin

Shops:
D:2

?(*=* ##
##.####
.....##
.....#
##....#
#≈PhF#
##≈.@#
#≈≈..#
##≈..##
##≈≈P.#
#≈≈P..#
#≈..#.#
##≈...####
#≈≈...#..##
#≈≈......≈#


You could see a cane toad (ally target) and a friendly hound (summoned).


Message History

Unknown command.
Unknown command.
You start resting. 😎 HP[+53]
Your hp is fully restored (68).
You climb downwards.
Welcome back to the Lair of Beasts!
The electric eel shoots out a bolt of lightning at you!
The bolt of electricity hits you!
You focus on the pain.
You feel agile all of a sudden.
The bolt of electricity hits the electric eel.
The electric eel completely resists.
There is a staircase back to the Dungeon here. 😕 HP[-12]
You take 12 damage, and now have 56/68 hp.
You draw a card...
You have drawn the Dance.
The electric eel shoots out a bolt of lightning at you!
The bolt of electricity hits your -1 trident of Geton {spect, rF- Str+3 Int+3}.
Your -1 trident of Geton {spect, rF- Str+3 Int+3} completely resists.
The bolt of electricity hits you! 😮 HP[-9]
You take 9 damage, and now have 47/68 hp.
You miss the electric eel.
Your -1 trident of Geton {spect, rF- Str+3 Int+3} hits the electric eel! 😮 HP[+1]
You barely miss the electric eel.
Your -1 trident of Geton {spect, rF- Str+3 Int+3} hits the electric eel!
The electric eel dies!
You hear a splash.
You barely miss the electric eel.
Your -1 trident of Geton {spect, rF- Str+3 Int+3} hits the electric eel from afar.
The electric eel shoots out a bolt of lightning at you!
The bolt of electricity misses you.
The bolt of electricity hits your -1 trident of Geton {spect, rF- Str+3 Int+3}.
Your -1 trident of Geton {spect, rF- Str+3 Int+3} completely resists.
You barely miss the electric eel.
Your -1 trident of Geton {spect, rF- Str+3 Int+3} completely misses the electric eel.
The electric eel shoots out a bolt of lightning at you!
The bolt of electricity hits you!
The bolt of electricity hits your -1 trident of Geton {spect, rF- Str+3 Int+3}.
Your -1 trident of Geton {spect, rF- Str+3 Int+3} completely resists.
Your -1 trident of Geton {spect, rF- Str+3 Int+3} hits the electric eel from afar!
The electric eel dies! 😮 HP[-8]
You take 8 damage, and now have 40/68 hp.
You enter the shallow water.
Moving in this stuff is going to be slow.
You swap places.
There is a staircase back to the Dungeon here. 😮 HP[+1]
Your -1 trident of Geton {spect, rF- Str+3 Int+3} disappears in a puff of smoke!
Key pressed, stopping explore.
You feel a little less agile now.
Key pressed, stopping explore.
A cane toad comes into view. 😎 HP[+27]
Your hp is fully restored (68).
A cane toad is nearby!
A cane toad is nearby!
A cane toad is nearby!
A cane toad is nearby!
The cane toad croaks. 😎 MP[-3]
You lost 3 mp, and now have 17/20 mp.
The cane toad stings you but does no damage.
The cane toad is struck by your spines. The cane toad stings you. 😕 HP[-1]
You take 1 damage, and now have 67/68 hp.
You scratch the cane toad but do no damage.
The cane toad is struck by your spines. The cane toad barely misses you.
Your hound barely misses the cane toad.
You barely miss the cane toad. The cane toad is struck by your spines.
The cane toad stings you!!
You focus on the pain.
You feel your power returning.
Your hound bites the cane toad but does no damage. 😮 HP[-19] MP[+3]
You take 19 damage, and now have 48/68 hp.
MASSIVE DAMAGE!! (PAUSE)
Your mp is fully restored (20).
You scratch the cane toad.
Your hound bites the cane toad but does no damage.
The cane toad stings you!
* * * LOW HITPOINT WARNING * * *
Your hound bites the cane toad but does no damage. 😨 HP[-17]
You take 17 damage, and now have 31/68 hp.
MASSIVE DAMAGE!! (PAUSE)
You are too injured to fight recklessly!
Casting: Call Canine Familiar (dangerous; 3% risk of failure)
Confirm with . or Enter, or press ? or * to list all spells.
Your claws turn into razor-sharp scythe blades.
The cane toad is struck by your spines. The cane toad stings you!
* * * LOW HITPOINT WARNING * * *
Your hound bites the cane toad but does no damage. 😱 HP[-16] MP[-5]
You take 16 damage, and now have 15/68 hp.
MASSIVE DAMAGE!! (PAUSE)
You lost 5 mp, and now have 15/20 mp.
You slash the cane toad! The cane toad stings you!
You die...
Your body glows with a rainbow of weird colours and disappears.

Skill      XL: |  1  2  3  4  5  6  7  8  9 10 11 |
---------------+----------------------------------+-----
Summonings     | 5 6 7 8 |  8.0
Invocations    | 1 4 6 7 10 12 15 | 15.6
Transmutations | 1 4 7 9 10 | 10.0
Dodging        | |  1.7
Stealth        | |  1.7
Unarmed Combat | |  0.2
Spellcasting   | |  2.0

Action                   |  1- 3 |  4- 6 |  7- 9 | 10-12 || total
-------------------------+-------+-------+-------+-------++-------
Melee: Unarmed           |   123 |   160 |   353 |    99 ||   735
       Punch             |     1 |     3 |     8 |       ||    12
 Cast: Summon Small Mamm |    24 |       |       |       ||    24
       Call Canine Famil |     4 |     5 |    29 |    12 ||    50
       Blade Hands       |       |       |       |     9 ||     9
Invok: Draw Destruction  |       |     5 |    20 |     4 ||    29
       Draw Summoning    |       |     4 |     6 |     2 ||    12
       Draw Escape       |       |     3 |     2 |       ||     5
       Triple Draw       |       |       |     1 |       ||     1
       Deal Four         |       |       |       |     1 ||     1
Evoke: Wand              |       |     2 |     1 |       ||     3
  Use: Scroll            |     3 |     3 |     8 |     3 ||    17
       Potion            |       |     8 |     8 |       ||    16
 Stab: Sleeping          |     6 |     6 |       |     2 ||    14
       Distracted        |     1 |       |     3 |     1 ||     5
       Paralysed         |       |     3 |     8 |       ||    11
       Invisible         |       |       |     2 |       ||     2
Armor: Robe              |    23 |    26 |   108 |     8 ||   165
       Skin              |       |       |       |     7 ||     7
Dodge: Dodged            |   103 |   105 |   380 |   109 ||   697

Levels and vault maps discovered:
D:1:      nicolae_arrival_memento_mori, layout_basic,
          hellmonk_ecumenical_altar_arch_garden, st_stairs_12
D:2:      layout_loops_ring, serial_shops,
          nicolae_shop_temple_entry_statues_fountains, shop_statue,
          nicolae_shop_waterfront, shop, shop, basic_altar, minmay_lizard_king,
          uniq_jessica
D:3:      layout_basic, minivault_11, uniq_sigmund
D:4:      layout_loops_cross, bloody_makhleb, evilmike_ruin_ashenzari,
          minmay_temple_entry_drinking_statues, minmay_hedge_maze
D:5:      layout_basic, mainiacjoe_overflow_large_starburst, uniq_eustachio
D:6:      kennysheep_big_flooded_room, layout_loops_ring,
          nicolae_qazlal_style_of_elements, uniq_prince_ribbit1
D:7:      layout_gridville, nicolae_sif_muna_condensation
D:8:      layout_loops_ring, uniq_erica
D:9:      layout_stronghold, nicolae_gozag_seed_capital, sword_in_stone
D:10:     layout_basic, nicolae_uskayaw_dance_studio, lair_entry_dummy,
          dilly_guarded_unrand_elemental_staff
Lair:1:   wander_river, layout_cave_pods, cheibrodos_lair_caveside_slide,
          grunt_megastairs_4, infiniplex_staircase_pool

Notes
Turn   | Place    | Note
-------+----------+-------------------------------------------
     0 | D:1      | spaghetti the Demonspawn Summoner began the quest for the
                  | Orb.
     0 | D:1      | Reached XP level 1. HP: 13/13 MP: 3/3
     0 | D:1      | magus.rc [v1.9.6]
   123 | D:1      | Found a faded altar of an unknown god.
   224 | D:1      | Prayed at the altar of an unknown god.
   224 | D:1      | Became a worshipper of Nemelex Xobeh the Trickster
   224 | D:1      | Reached * piety under Nemelex Xobeh
   224 | D:1      | Received a gift from Nemelex Xobeh
   395 | D:1      | Gained mutation: You have sharp fingernails. [demonic
                  | ancestry]
   395 | D:1      | Reached XP level 2. HP: 17/19 MP: 1/5
  1117 | D:1      | HP: 3/19 [quokka (2)]
  1746 | D:1      | You pick up a book of Debilitation and begin reading...
  1746 | D:1      | You add the spells Slow, Vampiric Draining and Confusing
                  | Touch to your library.
  1916 | D:2      | Reached skill level 5 in Summonings
  1916 | D:2      | Gained mutation: You are surrounded by a mild repulsion
                  | field. (EV +2) [demonic ancestry]
  1916 | D:2      | Reached XP level 3. HP: 10/24 MP: 3/6
  1930 | D:2      | Learned a level 3 spell: Call Canine Familiar
  2142 | D:2      | Reached ** piety under Nemelex Xobeh
  2324 | D:2      | Found Isott's Antique Weapon Shop.
  2693 | D:2      | Found Mas Lyock's Magic Scroll Boutique.
  2704 | D:2      | Bought a scroll of enchant armour for 82 gold pieces
  2757 | D:2      | Received a gift from Nemelex Xobeh
  2841 | D:2      | Noticed Jessica
  2845 | D:2      | Killed Jessica
  2846 | D:2      | Reached skill level 1 in Invocations
  2884 | D:2      | Noticed a phantom
  3087 | D:2      | Found Quva's Assorted Antiques.
  3127 | D:2      | Found Hyshunwenn's Jewellery Shoppe.
  3170 | D:2      | Found Ithri's Assorted Antiques.
  3283 | D:2      | Gained mutation: You have very sharp fingernails. [demonic
                  | ancestry]
  3283 | D:2      | Reached XP level 4. HP: 16/30 MP: 3/7
  3766 | D:3      | Noticed Sigmund
  3777 | D:3      | HP: 3/30 [something (13)]
  3779 | D:3      | Killed Sigmund
  3780 | D:3      | Reached skill level 6 in Summonings
  3780 | D:3      | Reached skill level 4 in Invocations
  3780 | D:3      | Reached XP level 5. HP: 4/35 MP: 5/8
  4308 | D:3      | Noticed a boggart
  4308 | D:3      | a worm changed into a boggart
  4312 | D:3      | Identified the -2 quarterstaff of Vakee {venom, *Noise
                  | +Blink rElec Int-2}
  5545 | D:3      | Gained mutation: Your spells are a little harder to cast,
                  | but a little more powerful. [potion of mutation]
  5545 | D:3      | Gained mutation: Your magical capacity is low. (-10% MP)
                  | [potion of mutation]
  5554 | D:3      | Killed a boggart
  5555 | D:3      | Reached XP level 6. HP: 17/41 MP: 8/8
  5759 | D:4      | Found a broken altar of Ashenzari.
  5776 | D:4      | Reached skill level 5 in Invocations
  5991 | D:4      | Found a staircase to the Ecumenical Temple.
  6001 | D:4      | Received a gift from Nemelex Xobeh
  6076 | D:4      | Found a burning altar of Makhleb.
  6080 | D:4      | Reached *** piety under Nemelex Xobeh
  6635 | D:5      | Entered Level 5 of the Dungeon
  6712 | D:5      | You pick up a book of Weapons and begin reading...
  6712 | D:5      | You add the spells Portal Projectile, Excruciating Wounds
                  | and Blade Hands to your library.
  6714 | D:5      | HP: 10/41 [orc/+0 whip (4)]
  6961 | D:5      | Reached skill level 7 in Summonings
  7063 | D:5      | Noticed a water moccasin
  7070 | D:5      | Killed a water moccasin
  7071 | D:5      | Reached skill level 6 in Invocations
  7071 | D:5      | Gained mutation: You are surrounded by a moderate repulsion
                  | field. (EV +3) [demonic ancestry]
  7071 | D:5      | Reached XP level 7. HP: 46/46 MP: 10/10
  7162 | D:5      | Noticed Eustachio
  7178 | D:5      | Killed Eustachio
  7444 | D:5      | Reached skill level 7 in Invocations
  7670 | D:5      | Reached skill level 8 in Summonings
  7692 | D:5      | Learned a level 5 spell: Blade Hands
  7868 | D:5      | Identified the -1 hand axe of the End {venom, rElec rF-
                  | Will+ Str+4}
  7881 | D:5      | Reached skill level 1 in Transmutations
  7881 | D:5      | Gained mutation: You sometimes gain a little power by
                  | taking damage. [demonic ancestry]
  7881 | D:5      | Reached XP level 8. HP: 43/52 MP: 9/12
  8030 | D:6      | Reached skill level 2 in Transmutations
  8030 | D:6      | Reached skill level 8 in Invocations
  8034 | D:6      | HP: 13/52 [jelly (1)]
  8034 | D:6      | HP: 4/52 [acid (9)]
  8439 | D:6      | Noticed Prince Ribbit
  8454 | D:6      | HP: 11/52 [Prince Ribbit (7)]
  8455 | D:6      | Killed Prince Ribbit
  8456 | D:6      | Reached skill level 3 in Transmutations
  8456 | D:6      | Reached skill level 9 in Invocations
  8701 | D:6      | Found a stormy altar of Qazlal.
  8704 | D:6      | Noticed an air elemental
  8849 | D:6      | Noticed a two-headed ogre
  9058 | D:6      | Reached skill level 4 in Transmutations
  9066 | D:6      | HP: 9/52 [steam dragon/ball of steam (12)]
  9080 | D:5      | HP: 7/52 [orc/+0 mace (5)]
  9088 | D:5      | HP: 13/52 [orc/+0 mace (1)]
  9179 | D:5      | Reached skill level 10 in Invocations
  9391 | D:5      | Received a gift from Nemelex Xobeh
  9423 | D:5      | Found a radiant altar of Vehumet.
  9453 | D:5      | Gained mutation: You sometimes gain power by taking damage.
                  | [demonic ancestry]
  9453 | D:5      | Reached XP level 9. HP: 57/57 MP: 12/14
  9805 | D:6      | Reached skill level 5 in Transmutations
  9807 | D:6      | Identified the +2 pair of boots of Byrish {+Inv rPois
                  | Str-4}
 10260 | D:7      | Found a shimmering blue altar of Sif Muna.
 10695 | D:7      | HP: 13/56 [wight/+5 halberd (10)]
 10698 | D:7      | Reached skill level 11 in Invocations
 10968 | D:7      | Received a gift from Nemelex Xobeh
 11398 | D:8      | You pick up a book of Displacement and begin reading...
 11398 | D:8      | You add the spells Lesser Beckoning, Gell's Gravitas and
                  | Teleport Other to your library.
 11409 | D:8      | Noticed Erica
 11433 | D:8      | Killed Erica
 11434 | D:8      | Reached skill level 6 in Transmutations
 11434 | D:8      | Reached skill level 12 in Invocations
 12213 | D:8      | Reached skill level 7 in Transmutations
 12217 | D:8      | HP: 12/57 [orc priest/divine providence (11)]
 12788 | D:8      | Reached **** piety under Nemelex Xobeh
 13163 | D:9      | Received a gift from Nemelex Xobeh
 13187 | D:9      | HP: 10/57 [steam dragon] (8)]
 13189 | D:9      | Gained mutation: You are partially covered in sharp spines.
                  | [demonic ancestry]
 13189 | D:9      | Reached XP level 10. HP: 12/63 MP: 17/17
 13606 | D:9      | Found an opulent altar of Gozag.
 14098 | D:2      | Bought an amulet of faith for 440 gold pieces
 14746 | D:9      | Reached skill level 8 in Transmutations
 14746 | D:9      | Reached skill level 13 in Invocations
 14962 | D:10     | Entered Level 10 of the Dungeon
 14966 | D:10     | Noticed a two-headed ogre
 14971 | D:10     | Gained mutation: You are weak. (Str -2) [mutagenic glow]
 14977 | D:10     | Killed a two-headed ogre
 14978 | D:10     | Reached skill level 14 in Invocations
 14979 | D:10     | Gained mutation: You are clumsy. (Dex -2) [mutagenic glow]
 15244 | D:10     | Noticed a two-headed ogre
 15323 | D:10     | Noticed a deep elf pyromancer
 15323 | D:10     | a deep elf pyromancer comes into view. It is wielding the
                  | +3 Elemental Staff {rElec rF++ rC++ AC+5}.
 15327 | D:10     | Aim: a deep elf pyromancer, wielding the +3 Elemental Staff
                  | {rElec rF++ rC++ AC+5} and wearing a +2 robe
 15327 | D:10     | Aim: a deep elf pyromancer, wielding the +3 Elemental Staff
                  | {rElec rF++ rC++ AC+5} and wearing a +2 robe
 15330 | D:10     | a deep elf pyromancer opens the door. It is wielding the +3
                  | Elemental Staff {rElec rF++ rC++ AC+5}.
 15335 | D:10     | Killed a deep elf pyromancer
 15336 | D:10     | Reached skill level 9 in Transmutations
 15620 | D:10     | Killed a two-headed ogre
 15621 | D:10     | Reached skill level 15 in Invocations
 15621 | D:10     | Gained mutation: You are powered by pain. [demonic
                  | ancestry]
 15621 | D:10     | Reached XP level 11. HP: 39/68 MP: 11/20
 15918 | D:10     | Found a hide-covered altar of Uskayaw.
 16105 | D:10     | Identified the -1 quarterstaff "Ynkulox" {freeze, rCorr
                  | Str+2 Int+2 SInv}
 16115 | D:10     | Reached skill level 10 in Transmutations
 16125 | D:10     | HP: 17/68 [centaur/arrow (5)]
 16419 | D:10     | Found a staircase to the Lair.
 16635 | Lair:1   | Entered Level 1 of the Lair of Beasts
 16647 | Lair:1   | HP: 15/68 [electric eel/bolt of electricity (10)]
 16899 | Lair:1   | Identified the -1 trident of Geton {spect, rF- Str+3 Int+3}
 17047 | Lair:1   | HP: 15/68 [cane toad (17)]
 17048 | Lair:1   | Slain by a cane toad

Vanquished Creatures
  2 two-headed ogres (D:10)
  Erica (D:8)
  A deep elf pyromancer (D:10)
  A cyclops (D:10)
  A troll (D:10)
  Prince Ribbit (D:6)
  2 raiju (D:10)
  7 yaks (D:9)
  Eustachio (D:5)
  2 fire elementals (D:10)
  A steam dragon (D:10)
  4 vampire mosquitoes (D:10)
  A sky beast (D:6)
  A centaur (D:8)
  A boggart (D:3)
  A phantom (D:2)
  A kobold brigand (D:10)
  3 bullfrogs
  5 wights (D:7)
  3 howler monkeys
  An orc priest (D:8)
  3 orc wizards
  2 adders
  2 gnolls
  A shadow imp (D:8)
  An ufetubus (D:7)
  2 dart slugs
  9 orcs
  3 ball pythons
  4 bats
  5 endoplasms
  2 goblins
  3 hobgoblins
  2 quokkas
  9 frilled lizards
  18 kobolds
  6 rats
113 creatures vanquished.

Vanquished Creatures (collateral kills)
  A tarantella (shapeshifter) (D:10)
  2 yaks (D:9)
  Sigmund (D:3)
  2 steam dragons
  3 vampire mosquitoes (D:10)
  A water moccasin (D:5)
  2 sky beasts (D:6)
  An ice beast (D:8)
  3 orc warriors
  2 ogres
  A centaur (D:10)
  3 kobold brigands
  A gnoll sergeant (D:10)
  A scorpion (D:5)
  6 wights
  A howler monkey (D:6)
  2 electric eels (Lair:1)
  2 jellies (D:6)
  An orc priest (D:8)
  3 hounds
  2 gnoll shamans (D:5)
  Jessica (D:2)
  2 iguanas (D:6)
  2 orc wizards
  A nameless horror (D:6)
  9 gnolls
  An adder (D:5)
  A white imp (D:5)
  An ufetubus (D:6)
  6 orcs
  An endoplasm (D:1)
  2 giant cockroaches
  4 goblins (D:1)
  7 kobolds
  A quokka (D:1)
  3 ball pythons
  2 frilled lizards
  A rat (D:2)
86 creatures vanquished.

Vanquished Creatures (others)
  A hobgoblin (D:4)
  2 kobolds
  A fungus (Lair:1)
  5 plants (D:2)
9 creatures vanquished.

Grand Total: 208 creatures vanquished

Table legend:
 A = Non-vault XP
 B = Vault XP
 C = Vault XP percentage of total XP
 D = Non-vault monster count
 E = Vault monster count
 F = Vault count percentage of total count
                 A         B        C        D         E       F
            +---------+---------+-------+---------+---------+-------
      Total |   10337 |    3773 |  26.7 |     166 |      32 |  16.2
            +---------+---------+-------+---------+---------+-------
        D:1 |      24 |       1 |   4.0 |      14 |       1 |   6.7
        D:2 |     142 |      45 |  24.1 |      12 |       9 |  42.9
        D:3 |     156 |     208 |  57.1 |      18 |       1 |   5.3
        D:4 |     154 |       0 |   0.0 |       6 |       0 |   0.0
        D:5 |    1137 |     196 |  14.7 |      30 |       1 |   3.2
        D:6 |     829 |     388 |  31.9 |      12 |       2 |  14.3
        D:7 |     572 |       0 |   0.0 |       9 |       0 |   0.0
        D:8 |     734 |     818 |  52.7 |      26 |       1 |   3.7
        D:9 |    2243 |     334 |  13.0 |      19 |       3 |  13.6
       D:10 |    4240 |    1783 |  29.6 |      18 |      14 |  43.8
     Lair:1 |     106 |       0 |   0.0 |       2 |       0 |   0.0
            +---------+---------+-------+---------+---------+-------

Illustrated notes

Table legend:
 A = Kills in this place as a percentage of kills in entire the game.
 B = Kills by you in this place as a percentage of kills by you in the entire game.
 C = Kills by friends in this place as a percentage of kills by friends in the entire game.
 D = Other kills in this place as a percentage of other kills in the entire game.
 E = Experience gained in this place as a percentage of experience gained in the entire game.
 F = Experience gained in this place divided by the number of levels of this place that you have seen.
                   A       B       C       D       E      F
               +-------+-------+-------+-------+-------+----------------------
         Total | 100.0 | 100.0 | 100.0 |   N/A | 100.0 | 1282.7
       Dungeon |  99.0 | 100.0 |  97.6 |   N/A |  99.2 | 1400.4
          Lair |   1.0 |   0.0 |   2.4 |   N/A |   0.8 | 106.0
               +-------+-------+-------+-------+-------+----------------------

Table legend: (Time is in decaauts)
 A = Elapsed time spent in this place.
 B = Non-inter-level travel time spent in this place.
 C = Inter-level travel time spent in this place.
 D = Time resting spent in this place.
 E = Time spent auto-exploring this place.
 F = Levels seen in this place.
 G = Mean time per level.
                   A        B        C        D        E       F      G
               +--------+--------+--------+--------+--------+-----+--------+
         Total |  17040 |  16211 |    829 |   3608 |  10344 |  11 | 1549.1 |
       Dungeon |  16876 |  16047 |    829 |   3608 |  10211 |  10 | 1687.6 |
          Lair |    163 |    163 |      0 |      0 |    133 |   1 |  163.0 |
               +--------+--------+--------+--------+--------+-----+--------+

Top non-repeatable levels by time:
     D:3: 2357 daAuts
     D:1: 2058 daAuts
    D:10: 1923 daAuts
     D:5: 1882 daAuts
     D:8: 1697 daAuts
     D:9: 1639 daAuts
     D:2: 1554 daAuts
     D:6: 1473 daAuts
     D:4: 1159 daAuts
     D:7: 1129 daAuts
  Lair:1: 163 daAuts
